Unix NetHack Version 5.0.0-0 post-release - last build Jun 10 2026 00:39:30 (3ee93aec679c4c4259841fe613dc97188e26a321,branch:main).

Game began 2026-06-19 13:01:03, ended 2026-06-19 13:21:53.

GdeVolpiano, neutral female human Archeologist

                              ----------------
              --------        |....<.........-########
 -----        |..`....########)..............|       ##
 |...|     ###.......|        |.....B........|        0#
 |.*.-######  |.....)|        |......@d......|         ##
 |..*|        -----.--       #-----|----------          #####
 |....             #         #     #                        #   -----
 --|--#            #        ##     #                            |.([|
   ######          #        #     ###################          #-.??|
      # ###### #####      ###     #              ---)-         #|.)/|
      ##     ####       ###       #              |....###)######|.%?|
       ##      ####     #         #              |...|          |..)|
        # -----.--|-----#        ##          ####-...|          |.!/|
        # |............|#       -.--------####   |...|          -----
        # |............|#       |.........#      -----
        # |...>........|#       |........|
        # |........{....#       |........|
        ##.............|        ----------
          --------------

GdeVolpiano the Field Worker  St:13 Dx:9 Co:15 In:15 Wi:16 Ch:8  Neutral
Dlvl:2  $:0  HP:0(35) Pw:15(15) AC:9  Xp:4 T:3221 

Latest messages:
 A citrine stone lands on the altar.
 A garnet stone lands on the altar.
 You finish taking off your helm.
 What do you want to drop? [$acdg-iquvA-CLM or ?*]
 A +0 helm called telepathy lands on the altar.
 G - 4 blessed bamboo arrows.
 H - an uncursed sling.
 L - an uncursed +0 helm called telepathy.
 O - an uncursed spellbook of detect monsters.
 F - an uncursed ruby potion.
 w - an uncursed magic whistle.
 P - an uncursed citrine stone.
 Q - an uncursed garnet stone.
 What do you want to wear? [cvL or ?*]
 You finish your dressing maneuver.
 You see here a broken chest containing 5 items.
 In what direction?
 You put an uncursed +0 fedora into the chest.
 You put an uncursed scroll of enchant weapon into the chest.
 You put an uncursed scroll of fire into the chest.
 You put an uncursed scroll of gold detection into the chest.
 You put an uncursed spellbook of detect monsters into the chest.
 What do you want to use or apply? [aghw or ?*]
 You put 2955 gold pieces into the sack.
 You put an uncursed citrine stone into the sack.
 You put an uncursed garnet stone into the sack.
 The giant bat bites!
 You miss the giant bat.
 The giant bat bites!
 The giant bat bites!
 You miss the giant bat.
 The giant bat bites!
 What do you want to drink? [BCF or ?*]
 You feel better.
 The giant bat bites!
 The giant bat bites!
 You miss the giant bat.
 The giant bat bites!
 You miss the giant bat.
 The giant bat bites!
 The giant bat bites!
 You miss the giant bat.
 The giant bat bites!
 The giant bat bites!
 You lash the giant bat.
 You lash the giant bat.
 The giant bat bites!
 The giant bat bites!
 You die...
 Do you want your possessions identified? [ynq] (y)

Inventory:
 Weapons  (')')
  G - 4 blessed +1 ya
  H - a +0 sling
  a - a +2 bullwhip (weapon in left hand)
  A - a +0 long sword
 Armor    ('[')
  L - an uncursed +0 helm of telepathy (being worn)
  v - a blessed +0 studded leather armor
 Comestibles  ('%')
  d - 2 uncursed food rations
  M - an uncursed partly eaten lichen corpse
 Potions  ('!')
  B - an uncursed potion of extra healing
  F - an uncursed potion of fruit juice
 Tools    ('(')
  h - an uncursed sack containing 4 items
  w - an uncursed magic whistle
 Gems/Stones  ('*')
  g - an uncursed touchstone

Contents of the sack:
  2955 gold pieces
  a +0 pick-axe
  an uncursed citrine stone
  an uncursed garnet stone

GdeVolpiano the Archeologist's attributes:

Background:
 You were a Field Worker, a level 4 female human Archeologist.
 You were neutral, on a mission for Camaxtli
 who was opposed by Quetzalcoatl (lawful) and Huhetotl (chaotic).
 You were left-handed.
 You were in the Dungeons of Doom, on level 2.
 You entered the dungeon 3221 turns ago.
 You had 101 experience points, 59 more were needed to attain level 5.

Basics:
 You had 0 out of 35 hit points.
 You had all 15 energy points (spell power).
 Your armor class was 9.
 Your wallet was empty, but
 you had 2955 zorkmids stashed away in your pack.
 Autopickup was on for '$?!/="+' plus thrown, with exceptions.

Final Characteristics:
 Your strength was 13 (limit:18/100).
 Your dexterity was 9 (limit:18).
 Your constitution was 15 (limit:18).
 Your intelligence was 15 (limit:18).
 Your wisdom was 16 (limit:18).
 Your charisma was 8 (limit:18).

Final Status:
 You weren't hungry.
 You were unencumbered.
 You were wielding a whip.
 You had basic skill with whip.

Final Attributes:
 You were piously aligned.
 You were telepathic.
 You had automatic searching.
 You are dead.

Miscellaneous:
 You didn't encounter any bones levels.
 Total elapsed playing time was 20 minutes and 49 seconds.

Major events:
 Turn
    1: GdeVolpiano the neutral female human Archeologist entered the dungeon
 1360: attained the rank of Field Worker (level 3)
 1788: entered the Gnomish Mines
 1908: found Grimtooth in a shop
 3221: killed by a giant bat

Spells:
 Name                 Level Category     Fail Retention
 detect monsters        1   divination    35%  76%-100%

Skills:
 Fighting Skills
   bare handed combat [Unskilled]
   two weapon combat  [Unskilled]
   riding             [Unskilled]
 Weapon Skills
   dagger             [Unskilled]
   knife              [Unskilled]
   pick-axe           [Basic]
   short sword        [Unskilled]
   saber              [Unskilled]
   club               [Unskilled]
   quarterstaff       [Unskilled]
   sling              [Unskilled]
   dart               [Unskilled]
   boomerang          [Unskilled]
   whip               [Basic]
   unicorn horn       [Unskilled]
 Spellcasting Skills
   attack spells      [Unskilled]
   healing spells     [Unskilled]
   divination spells  [Unskilled]
   matter spells      [Unskilled]

Voluntary challenges:
 Character rerolling was not enabled.
 You never genocided any monsters.
 You never polymorphed an object.
 You never changed form.
 You used no wishes.
Achievements:
 You entered a shop.
 You attained the rank of Field Worker.
 You entered the Gnomish Mines.

 The Dungeons of Doom: levels 1 to 5
    Level 1:
       A fountain.
    Level 2: <- You were here.
       A general store, an altar, a fountain.
       Final resting place for
          you, killed by a giant bat.
    Level 3:
       A fountain, a sink.
    Level 4:
       Many shops.
       Stairs down to The Gnomish Mines.
    Level 5:
 The Gnomish Mines:
    Level 5:


Vanquished creatures:
  a rock piercer
  a floating eye
  a kitten
  a homunculus
  2 kobold leaders
  a rothe
 an acid blob
  a gas spore
  3 giant rats
  a cave spider
  2 yellow molds
  a green mold
  2 gnome zombies
  a gecko
  9 jackals
  a kobold
  3 goblins
  2 sewer rats
  5 grid bugs
  3 lichens
  2 newts
44 creatures vanquished.

No species were genocided or became extinct.

Game over:
                       ----------
                      /          \
                     /    REST    \
                    /      IN      \
                   /     PEACE      \
                  /                  \
                  |   GdeVolpiano    |
                  |     2955 Au      |
                  |   killed by a    |
                  |    giant bat     |
                  |                  |
                  |                  |
                  |       2026       |
                 *|     *  *  *      | *
        _________)/\\_//(\/(/\)/\//\/|_)_______

Goodbye GdeVolpiano the Archeologist...

You died in The Dungeons of Doom on dungeon level 2 with 3284 points,
and 2955 pieces of gold, after 3221 moves.
You were level 4 with a maximum of 35 hit points when you died.

